 Dungeon Crawl Stone Soup version 0.31.0-11-ge490571c62 (webtiles) character file.

Game seed: 5201715769219721418

973 qw the Skirmisher (level 7, -10/40 HPs)
             Began as a Deep Elf Hunter on Feb 4, 2024.
             Was a Follower of Okawaru.
             Mangled by an ogre
             ... wielding a +0 giant club
              (34 damage)
             ... on level 6 of the Dungeon.
             The game lasted 00:00:17 (4087 turns).

qw the Skirmisher (Deep Elf Hunter)                 Turns: 4087, Time: 00:00:17

Health: -10/40     AC:  9    Str: 10    XL:     7   Next: 94%
Magic:  11/11      EV: 11    Int: 14    God:    Okawaru [*.....]
Gold:   278        SH:  5    Dex: 18    Spells: 6/6 levels left

rFire   . . .        a - +0 shortbow
rCold   . . .        (shield currently unavailable)
rNeg    . . .        d - +0 ring mail
rPois   .            g - +2 helmet
rElec   .            (no cloak)
rCorr   .            (no gloves)
SInv    .            l - +0 pair of boots
Will    .....        i - amulet of reflection
Stlth   +            (no ring)
HPRegen 0.26/turn    (no ring)
MPRegen 0.12/turn

%: reflection
@: no status effects
A: no striking features
a: Renounce Religion, Heroism


You were on level 6 of the Dungeon.
You worshipped Okawaru.
Okawaru was aware of your devotion.
You visited 1 branch of the dungeon, and saw 6 of its levels.

You collected 298 gold pieces.
You spent 20 gold pieces at shops.


   Skills:
 - Level 2.3 Fighting
 + Level 11.3 Ranged Weapons
 - Level 1.6 Armour
 - Level 3.3 Dodging
 - Level 1.2 Stealth
 + Level 3.1 Invocations


You had 6 spell levels left.
You didn't know any spells.
Your spell library was empty.

Inventory:

Hand Weapons
 a - a +0 shortbow (weapon)
Armour
 d - a +0 ring mail (worn)
 g - a +2 helmet (worn)
 l - a +0 pair of boots (worn)
Jewellery
 i - an amulet of reflection (around neck)
Scrolls
 c - a scroll of brand weapon {unknown}
 n - a scroll of teleportation
Potions
 b - a potion of resistance {unknown}
 e - 2 potions of heal wounds
 h - a potion of curing
 j - a potion of mutation
 m - a potion of magic

Dungeon Overview and Level Annotations

Branches:
Dungeon (6/15)             Temple (0/1) D:5

Altars:
Cheibriados
Elyvilon
Okawaru
Qazlal
Uskayaw
Wu Jian
Zin

Shops:
D:1 ?   D:5 *

Annotations:
D:6 exclusion: electric eel


Message History

You shoot an arrow.
The arrow closely misses the electric eel.
The electric eel shoots out a bolt of lightning at you!
The bolt of electricity hits you.
Enter note:
Enter note:
Enter note:
Enter note:
Enter note: You start resting.
An ogre comes into view. It is wielding a +0 giant club.
Enter note: You shoot an arrow.
The arrow hits the ogre but does no damage.
You shoot an arrow. The arrow hits the ogre.
The ogre is lightly wounded.
You shoot an arrow. The arrow hits the ogre.
The ogre is lightly wounded.
You shoot an arrow.
The arrow hits the ogre but does no damage.
The ogre is lightly wounded.
You shoot an arrow. The arrow completely misses the ogre.
You shoot an arrow. The arrow hits the ogre!
The ogre is moderately wounded.
You shoot an arrow. The arrow hits the ogre.
The ogre is heavily wounded.
An ice beast comes into view.
The ogre completely misses you.
You shoot an arrow. The arrow hits the ogre.
The ogre is severely wounded.
You shoot an arrow.
The arrow hits the ogre but does no damage.
The ogre is severely wounded.
You block the ogre's attack.
You shoot an arrow.
The arrow hits the ogre but does no damage.
The ogre is severely wounded.
The ogre hits you with a +0 giant club!!
Ouch! That really hurt!
You die...

#.... # #... .####...
.....#... #########.
..##..#.#..##### #.........
#..##...##......##.........
#.......## #.@O.........
#..#...## ##.#.........
#.#.#.<#####.#.......!.
#...##.#.....#..Y......
##...##.%.###...........
#....##.#.# ##..........
#.#..#..#.# ###....###.
#.#..###### ...... #.#..##
~S~~~~[


You could see an ice beast and an ogre.

Vanquished Creatures
  Grinder (D:3)
  An ogre (D:5)
  A kobold brigand (D:5)
  A bullfrog (D:3)
  A scorpion (D:4)
  A howler monkey (D:6)
  2 bombardier beetles
  2 jellies (D:5)
  5 hounds (D:5)
  An iguana (D:5)
  5 gnolls
  5 adders
  3 dart slugs
  7 orcs (D:5)
  4 endoplasms
  A giant cockroach (D:2)
  6 goblins
  5 hobgoblins
  15 kobolds
  4 quokkas
  6 ball pythons
  5 bats
  8 frilled lizards
  6 rats
96 creatures vanquished.

Notes
Turn   | Place    | Note
-------+----------+-------------------------------------------
     0 | D:1      | qw the Deep Elf Hunter began the quest for the Orb.
     0 | D:1      | Reached XP level 1. HP: 12/12 MP: 3/3
     0 | D:1      | 0 ||| qw: Version: 0.3-a-160-g6735b56
     0 | D:1      | 0 ||| qw: Game counter: 4415
     0 | D:1      | 0 ||| qw: Melee chars always use a shield: true
     0 | D:1      | 0 ||| qw: God list: Okawaru
     0 | D:1      | 0 ||| qw: Allow faded altars: false
     0 | D:1      | 0 ||| qw: Do Orc after clearing Dungeon:15 true
     0 | D:1      | 0 ||| qw: Do second Lair branch before Depths: true
     0 | D:1      | 0 ||| qw: Lair rune preference: random
     0 | D:1      | 0 ||| qw: Goals: Normal
     0 | D:1      | 0 ||| PLANNING D:1-11
   108 | D:1      | Reached XP level 2. HP: 16/16 MP: 4/4
   113 | D:1      | Reached skill level 6 in Ranged Weapons
   470 | D:1      | Found Dubuexos's Magic Scroll Emporium.
   478 | D:1      | 478 ||| SHOPLISTING scroll of acquirement (520 gold, have
                  | 36).
   478 | D:1      | 478 ||| SHOPLISTING scroll of enchant armour (75 gold, have
                  | 36).
   478 | D:1      | 478 ||| BUYING scroll of identify (20 gold).
   478 | D:1      | Bought a scroll of identify for 20 gold pieces
   478 | D:1      | 478 ||| SHOPLISTING scroll of identify (20 gold, have 16).
   737 | D:1      | 737 ||| UPGRADING to +0 ring mail.
   747 | D:1      | 747 ||| DROPPING +0 leather armour.
   748 | D:1      | 748 ||| UPGRADING to +0 helmet.
   753 | D:1      | 753 ||| READING 2 scrolls of identify.
   753 | D:1      | 753 ||| IDENTIFYING amethyst potion
   754 | D:1      | 754 ||| READING scroll of identify.
   754 | D:1      | 754 ||| IDENTIFYING lumpy cyan potion
   755 | D:1      | 755 ||| DROPPING scroll of butterflies.
   801 | D:2      | Reached XP level 3. HP: 20/20 MP: 5/5
   939 | D:2      | Reached skill level 7 in Ranged Weapons
  1383 | D:2      | 1383 ||| UPGRADING to amulet of reflection.
  1388 | D:2      | 1388 ||| READING scroll labelled LOLUANTUGYF.
  1489 | D:2      | 1489 ||| READING 2 scrolls labelled FARPHI BUMU.
  1490 | D:2      | 1490 ||| READING scroll labelled HOUREOGUUZ.
  1494 | D:2      | 1494 ||| DROPPING scroll of noise.
  1702 | D:3      | Found a stormy altar of Qazlal.
  1733 | D:3      | Reached XP level 4. HP: 22/25 MP: 6/6
  1757 | D:3      | Found a glowing silver altar of Zin.
  1835 | D:3      | Found a snail-covered altar of Cheibriados.
  1850 | D:3      | Noticed Grinder
  1851 | D:3      | 1851 ||| DRINKING potion of haste.
  1867 | D:3      | 1867 ||| FLEEEEING.
  1870 | D:3      | 1870 ||| FLEEEEING.
  1879 | D:3      | Paralysed by Grinder for 4 turns
  1885 | D:3      | Killed Grinder
  1886 | D:3      | Reached skill level 9 in Ranged Weapons
  1886 | D:3      | Reached XP level 5. HP: 25/29 MP: 7/7
  1886 | D:3      | Reached XP level 6. HP: 30/34 MP: 8/8
  1910 | D:3      | Found an iron altar of Okawaru.
  1911 | D:3      | 1911 ||| PLANNING OKAWARU WORSHIP
  1911 | D:3      | 1911 ||| UPGRADING to +0 pair of boots.
  1916 | D:3      | 1916 ||| READING 3 scrolls of identify.
  1916 | D:3      | 1916 ||| IDENTIFYING white potion
  1917 | D:3      | 1917 ||| READING 2 scrolls of identify.
  1917 | D:3      | 1917 ||| IDENTIFYING sedimented white potion
  1918 | D:3      | 1918 ||| READING scroll of identify.
  1918 | D:3      | 1918 ||| IDENTIFYING bubbling amethyst potion
  1919 | D:3      | 1919 ||| READING scroll labelled JEZUEDGHO WOCH.
  1919 | D:3      | 1919 ||| ENCHANTING +0 helmet.
  1920 | D:3      | 1920 ||| DROPPING potion of brilliance.
  1921 | D:3      | 1921 ||| DROPPING potion of ambrosia.
  1929 | D:3      | Became a worshipper of Warmaster Okawaru
  1930 | D:3      | 1930 ||| PLANNING D:1-11
  1953 | D:3      | Found a white marble altar of Elyvilon.
  2372 | D:4      | 2372 ||| STAIRDANCE
  2380 | D:4      | 2380 ||| STAIRDANCE
  2569 | D:4      | Reached skill level 1 in Armour
  2576 | D:4      | Found an ornate altar of the Wu Jian Council.
  2760 | D:4      | 2760 ||| READING scroll of enchant armour.
  2760 | D:4      | 2760 ||| ENCHANTING +1 helmet.
  2902 | D:4      | 2902 ||| READING 2 scrolls of identify.
  2902 | D:4      | 2902 ||| IDENTIFYING silvery potion
  2903 | D:4      | 2903 ||| READING scroll of identify.
  2903 | D:4      | 2903 ||| IDENTIFYING fuming puce potion
  2927 | D:5      | Entered Level 5 of the Dungeon
  2928 | D:5      | 2928 ||| PLANNING SEWER
  2941 | D:5      | Reached skill level 10 in Ranged Weapons
  3018 | D:5      | 3018 ||| RETREEEEATING.
  3021 | D:5      | 3021 ||| RETREEEEATING.
  3023 | D:5      | 3023 ||| RETREEEEATING.
  3024 | D:5      | 3024 ||| RETREEEEATING.
  3029 | D:5      | Reached skill level 3 in Dodging
  3029 | D:5      | Reached XP level 7. HP: 35/40 MP: 9/9
  3160 | D:5      | Found a staircase to the Ecumenical Temple.
  3184 | D:5      | Reached * piety under Okawaru
  3267 | D:5      | Reached skill level 1 in Invocations
  3310 | D:5      | Found Yskon's General Store.
  3526 | D:5      | Found a hide-covered altar of Uskayaw.
  3568 | D:5      | Reached skill level 11 in Ranged Weapons
  3609 | D:5      | 3609 ||| RIP SEWER
  3636 | D:5      | 3636 ||| PLANNING D:1-11
  3900 | D:5      | 3900 ||| READING 2 scrolls of identify.
  3900 | D:5      | 3900 ||| IDENTIFYING golden potion
  3901 | D:5      | 3901 ||| READING scroll of identify.
  3901 | D:5      | 3901 ||| IDENTIFYING blue potion
  3902 | D:5      | 3902 ||| READING 2 scrolls labelled POUTRA HURORR.
  3903 | D:5      | 3903 ||| READING 2 scrolls labelled KESUDOO EPLUMIHYNK.
  3904 | D:5      | 3904 ||| DROPPING scroll of immolation.
  3905 | D:5      | 3905 ||| DROPPING scroll of amnesia.
  3906 | D:5      | 3906 ||| DROPPING potion of degeneration.
  3907 | D:5      | 3907 ||| DROPPING potion of lignification.
  4040 | D:6      | Reached skill level 3 in Invocations
  4087 | D:6      | Mangled by an ogre

Levels and vault maps discovered:
D:1:      lemuel_arrival_hallway, layout_loops_ring, serial_shops, shop,
          kennysheep_nondescript
D:2:      layout_basic
D:3:      layout_basic, okawaru_metal_pillars_3, general_overflow_altar,
          nicolae_elyvilon_temple_path, zin_treasury,
          mainiacjoe_overflow_tiny_flanked, minmay_misc_feat_ornament,
          minmay_misc_feat_diagonals, wad_floor_pattern_untrapped, uniq_grinder
D:4:      layout_rooms, mainiacjoe_overflow_small_starburst
D:5:      layout_loops_ring, eat_drink_and_be_merry_uskayaw,
          minmay_temple_entry_offerings,
          mainiacjoe_sewer_entry_somewhere_in_here_2, serial_shops, shop,
          kennysheep_decorative_pillar
D:6:      layout_rooms, nicolae_overflow_squiral

Skill      XL: |  1  2  3  4  5  6  7 |
---------------+----------------------+-----
Ranged Weapons | 6 7 9 10 11 | 11.3
Fighting       | 2 |  2.3
Armour         | 1 |  1.6
Dodging        | 3 |  3.3
Invocations    | 3 |  3.1
Stealth        | |  1.2

Action                     |  1- 3 |  4- 6 |  7- 9 || total
---------------------------+-------+-------+-------++-------
   Fire: Shortbow          |   114 |    96 |   129 ||   339
    Use: Scroll            |     5 |     7 |     4 ||    16
         Potion            |       |     1 |       ||     1
 Armour: Leather armour    |    11 |       |       ||    11
         Ring mail         |     6 |    26 |    32 ||    64
  Dodge: Dodged            |    19 |    25 |    18 ||    62
  Block: Other             |     1 |    13 |     7 ||    21
         Reflection        |     1 |     2 |       ||     3

Table legend:
 A = Non-vault XP
 B = Vault XP
 C = Vault XP percentage of total XP
 D = Non-vault monster count
 E = Vault monster count
 F = Vault count percentage of total count
                 A         B        C        D         E       F
            +---------+---------+-------+---------+---------+-------
      Total |    1078 |     313 |  22.5 |      94 |       2 |   2.1
            +---------+---------+-------+---------+---------+-------
        D:1 |      40 |       0 |   0.0 |      25 |       0 |   0.0
        D:2 |      48 |       0 |   0.0 |      17 |       0 |   0.0
        D:3 |     144 |     277 |  65.8 |      10 |       1 |   9.1
        D:4 |     131 |       0 |   0.0 |      10 |       0 |   0.0
        D:5 |     618 |      36 |   5.5 |      28 |       1 |   3.4
        D:6 |      97 |       0 |   0.0 |       4 |       0 |   0.0
            +---------+---------+-------+---------+---------+-------
